AoeStats
← Vanguard

Arabia

510520685Analyzed
1v1 RM · 2d ago on Oct 1, 2026· 35m 0s· 2 players
Game mode
Random Map
Map size
Tiny (2 player)
Population
200
Speed
Normal
Resources
Standard
Victory
Conquest
Starting age
Dark Age
Ending age
Imperial Age
RankedLock teamsTeams togetherTeam positionsShared explorationLock speedFull tech treeHidden civsTurbo modeCheats
Victory
Defeat
🇺🇸 Britons · United States
836
+38
🇪🇸 Huns · Spain
860
-46
Vanguard
10:36 Feudal Age
10:17 Loom
11:15 Double-Bit Axe
10:52 Man-at-Arms
11:21 Horse Collar
13:59 Scale Mail Armor
21:56 Castle Age
21:10 Wheelbarrow
21:17 Fletching
22:13 Padded Archer Armor
22:33 Crossbowman
23:45 Squires
23:48 Pikeman
27:59 Heavy Plow
30:16 Ballistics
31:09 Leather Archer Armor
32:24 Bodkin Arrow
Piedra9065
13:45 Feudal Age
13:02 Loom
14:18 Double-Bit Axe
14:41 Man-at-Arms
16:30 Bloodlines
18:32 Wheelbarrow
23:46 Scale Barding Armor
23:52 Forging
28:58 Castle Age
29:44 Light Cavalry
Connection lost

Rejoining the realm…

Still unreachable

The connection could not be restored.

Session expired

The server has moved on; the page needs a fresh start.